 Dungeon Crawl Stone Soup version 0.20.1-1-g8b1a95d (webtiles) character file.

13703 troglodite the Blocker (level 11, 0/84 HPs)
             Began as a Demonspawn Berserker on Dec 22, 2017.
             Was an Elder of Trog.
             Killed from afar by a frost giant (11 damage)
             ... with a bolt of cold
             ... in an ice cave on Dec 27, 2017.
             The game lasted 01:10:30 (12984 turns).

troglodite the Blocker (Demonspawn Berserker)      Turns: 12984, Time: 01:10:31

Health: 0/84       AC: 21    Str: 17 (18) XL:     11   Next: 79%
Magic:  12/12      EV:  1    Int:  6 (8)  God:    Trog [****..]
Gold:   882        SH: 11    Dex: 16      Spells: 10/10 levels left

rFire    . . .     SeeInvis +   N - +4 scimitar (flame)
rCold    + . .     Gourm    .   v - +0 large shield
rNeg     . . .     Faith    +   d - +0 chain mail
rPois    .         Spirit   .   (helmet unavailable)
rElec    .         Reflect  .   M - +1 cloak {+Inv}
rCorr    .         Harm     .   y - +0 pair of gloves
MR       .....     Clarity  +   I - +0 pair of boots
Stlth    +.........             H - amulet of faith
Regen    0.7/turn               e - ring of protection from cold
MPRegen  0.2/turn               J - ring of stealth

@: about to teleport, sanguine armour, berserk cooldown, slowed, extremely
drained, very slow
A: antennae 3, talons 1, clarity, deterioration 1, high mp 1, nightstalker 2,
regeneration 1, sanguine armour 2
a: Berserk, Trog's Hand, Brothers in Arms, Burn Spellbooks, Renounce Religion,
Evoke Invisibility


You were in an ice cave.
You worshipped Trog.
Trog was greatly pleased with you.
You were hungry.

You visited 1 branch of the dungeon, and saw 11 of its levels.
You also visited: Ossuary and Ice Cave.

You collected 882 gold pieces.

Inventory:

Hand Weapons
 G - a +2 long sword
 N - a +4 scimitar of flaming (weapon)
Armour
 d - a +0 chain mail (worn)
 v - a +0 large shield (worn)
 y - a +0 pair of gloves (worn)
 I - a +0 pair of boots (worn)
 M - a +1 cloak of invisibility (worn)
Jewellery
 e - a ring of protection from cold (left hand)
 u - an uncursed ring of protection from fire
 x - an uncursed ring of poison resistance
 E - an uncursed ring of resist corrosion
 H - an amulet of faith (around neck)
 J - a ring of stealth (right hand)
Wands
 D - a wand of paralysis (13/24)
 F - a wand of flame (14/48)
 K - a wand of lightning (4/15)
Scrolls
 f - a scroll of identify
 o - 2 scrolls of fog
 p - 5 scrolls of remove curse
 z - a scroll of teleportation
 A - a scroll of amnesia
 C - a scroll of recharging
Potions
 b - 8 potions of curing
 g - 5 potions of lignification
 i - 4 potions of might
 k - 2 potions of magic
 l - 2 potions of ambrosia
 m - 3 potions of haste
 n - 3 potions of invisibility
 q - 2 potions of heal wounds
 r - a potion of resistance
 s - 6 potions of mutation
 t - 2 potions of agility
 w - a potion of brilliance
 B - 2 potions of berserk rage
 L - 4 potions of flight
Comestibles
 a - 16 chunks of flesh
 h - 11 meat rations
 j - 7 fruits
 O - a royal jelly


   Skills:
 * Level 7.4(0.0) Fighting
 + Level 7.4(0.0) Long Blades
   Level 0.6(0.0) Maces & Flails
 * Level 8.0(0.0) Armour
 * Level 6.2(0.0) Dodging
 * Level 6.4(0.0) Stealth
 * Level 9.5(0.0) Shields


You had 10 spell levels left.
You didn't know any spells.

Dungeon Overview and Level Annotations

Branches:
Dungeon (11/15)            Temple (0/1) D:6            Lair (0/6) D:11
    Orc (0/2) D:9

Altars:
Qazlal
Trog

Shops:
D:10 [

Annotations:
D:10 Sonja


Innate Abilities, Weirdness & Mutations

You have a pair of large antennae on your head. (SInv)
You are significantly more attuned to the shadows.
When seriously injured, your bleeding wounds create thick armour. (AC +9)
You have sharp toenails.
You possess an exceptional clarity of mind.
Your body sometimes deteriorates upon taking damage.
You have an increased reservoir of magic. (+10% MP)
Your natural rate of healing is unusually fast.


Message History

Your black bear bites the frost giant but does no damage.
Your black bear completely misses the frost giant.
Your black bear claws the frost giant.
The frost giant hits your black bear with a battleaxe of freezing!
The frost giant freezes your black bear.
Your black bear dies!
Your black bear's corpse disappears in a puff of smoke!
The frost giant hits you with a battleaxe of freezing!!
* * * LOW HITPOINT WARNING * * *
The frost giant freezes you.
* * * LOW HITPOINT WARNING * * *
You block the frost giant's attack.
As you read the scroll of teleportation, it crumbles to dust.
You feel strangely unstable.
The frost giant hits you with a battleaxe of freezing.
* * * LOW HITPOINT WARNING * * *
Some of the chunks of flesh in your inventory have rotted away.
The frost giant casts a spell at you. The bolt of cold hits you! You resist.
You die...

......###≈≈≈≈# ##
###.....##≈≈≈≈ {
##.....####≈ #.......##
##........# #........#
....O...# ###### #
......######....### ####
.....C####.@.#....#######...
####...#.C..####.....#.÷..##
###...#### ####......##
##### ########


You could see a frost giant.

Vanquished Creatures
  Erica (D:9)
  A two-headed ogre (D:9)
  A cyclops (D:11)
  The ghost of tarantulino the Carver, a novice NaFi of Ru (D:8)
  Maurice (D:8)
  Psyche (D:9)
  A troll (D:5)
  3 polar bears (IceCv)
  10 yaks
  A basilisk (D:9)
  Grum (D:9)
  Menkaure (D:6)
  3 orc warriors
  3 slaves (D:7)
  4 ice beasts
  3 ogres
  5 sky beasts
  4 wolves
  2 black bears
  2 phantoms
  4 centaurs
  3 big kobolds
  3 bullfrogs
  A water moccasin zombie (D:8)
  4 scorpions
  23 killer bees
  5 wights (D:6)
  2 howler monkeys (D:7)
  4 crimson imps
  2 centaur zombies
  2 quasits
  3 hounds
  A centaur skeleton (D:11)
  4 orc priests
  5 jellies
  A bullfrog skeleton (D:4)
  6 iguanas
  10 orc wizards
  9 worker ants
  A killer bee zombie (D:8)
  A hound zombie (D:5)
  8 mummies (Ossuary)
  5 gnolls
  A howler monkey zombie (D:6)
  13 adders
  2 shadow imps
  2 oozes
  3 worms
  5 dart slugs
  4 leopard geckos
  35 orcs
  4 giant cockroaches
  9 goblins
  6 hobgoblins
  9 jackals
  36 kobolds
  3 quokkas
  5 bats
  4 frilled lizards
  3 hobgoblin zombies (Ossuary)
  5 orc zombies (Ossuary)
  A quokka skeleton (D:5)
  3 quokka zombies
  7 rats
  4 plants (D:4)
320 creatures vanquished.

Vanquished Creatures (collateral kills)
  An ice statue (IceCv)
  11 polar bears (IceCv)
  10 yaks (IceCv)
  2 wolves (IceCv)
24 creatures vanquished.

Vanquished Creatures (others)
  A plant (D:4)
1 creature vanquished.

Grand Total: 345 creatures vanquished

Notes
Turn   | Place    | Note
-------+----------+-------------------------------------------
     0 | D:1      | troglodite the Demonspawn Berserker began the quest for the Orb.
     0 | D:1      | Reached XP level 1. HP: 18/18 MP: 1/1
    96 | D:1      | Gained mutation: When seriously injured, your bleeding wounds create armour. (AC +9) [demonic ancestry]
    96 | D:1      | Reached XP level 2. HP: 15/24 MP: 2/2
   476 | D:1      | Gained mutation: When seriously injured, your bleeding wounds create thick armour. (AC +9) [demonic ancestry]
   476 | D:1      | Reached XP level 3. HP: 21/29 MP: 3/3
   885 | D:2      | Reached ** piety under Trog
  1179 | D:2      | Found a bloodstained altar of Trog.
  1185 | D:2      | Gained mutation: You are slightly more attuned to the shadows. [demonic ancestry]
  1185 | D:2      | Reached XP level 4. HP: 36/36 MP: 4/4
  1935 | D:3      | Gained mutation: You have an increased reservoir of magic. (+10% MP) [potion of mutation]
  1935 | D:3      | Gained mutation: Potions are less effective at restoring your health. [potion of mutation]
  1935 | D:3      | Gained mutation: Your mind is acute. (Int +2) [potion of mutation]
  1936 | D:3      | Lost mutation: Potions are less effective at restoring your health. [potion of mutation]
  1936 | D:3      | Lost mutation: Your mind is acute. (Int +2) [potion of mutation]
  1936 | D:3      | Gained mutation: You possess an exceptional clarity of mind. [potion of mutation]
  1936 | D:3      | Gained mutation: Your body sometimes deteriorates upon taking damage. [potion of mutation]
  1936 | D:3      | Gained mutation: You have sharp toenails. [potion of mutation]
  1936 | D:3      | Gained mutation: Your natural rate of healing is unusually fast. [potion of mutation]
  2431 | D:4      | Found a stormy altar of Qazlal.
  2571 | D:4      | Gained mutation: You have a pair of small antennae on your head. [demonic ancestry]
  2571 | D:4      | Reached XP level 5. HP: 38/42 MP: 5/5
  2602 | D:4      | Found a sand-covered staircase.
  2618 | Ossuary  | Entered an ossuary
  2640 | Ossuary  | Reached skill level 1 in Shields
  2686 | Ossuary  | Gained mutation: You have a pair of antennae on your head. [demonic ancestry]
  2686 | Ossuary  | Reached XP level 6. HP: 20/49 MP: 6/6
  2688 | Ossuary  | Reached *** piety under Trog
  3026 | D:4      | Reached skill level 2 in Shields
  3490 | D:4      | Gained mutation: You are significantly more attuned to the shadows. [demonic ancestry]
  3490 | D:4      | Reached XP level 7. HP: 51/55 MP: 7/7
  3847 | D:5      | Entered Level 5 of the Dungeon
  4167 | D:5      | Reached skill level 3 in Shields
  4251 | D:5      | Noticed a troll
  4258 | D:5      | HP: 2/55 [troll (5)]
  4266 | D:5      | Killed a troll
  4266 | D:5      | Reached skill level 1 in Stealth
  4397 | D:5      | Reached skill level 5 in Fighting
  4397 | D:5      | Reached XP level 8. HP: 53/62 MP: 8/8
  4831 | D:5      | Reached **** piety under Trog
  4900 | D:6      | Reached skill level 4 in Shields
  5253 | D:6      | Noticed Menkaure
  5266 | D:6      | Killed Menkaure
  5344 | D:6      | Reached skill level 5 in Shields
  5346 | D:6      | HP: 4/94 [orc priest/divine providence (10)]
  5400 | D:6      | Reached skill level 5 in Long Blades
  5634 | D:6      | Reached skill level 5 in Armour
  5640 | D:6      | Reached XP level 9. HP: 62/68 MP: 9/9
  5757 | D:6      | You fall through a shaft!
  5783 | D:7      | You fall through a shaft for 3 floors!
  5783 | D:10     | Entered Level 10 of the Dungeon
  6273 | D:7      | Reached skill level 6 in Shields
  6424 | D:6      | Found a staircase to the Ecumenical Temple.
  7830 | D:8      | Noticed tarantulino's ghost (novice NaFi)
  7846 | D:8      | Killed tarantulino's ghost
  7846 | D:8      | Reached skill level 5 in Dodging
  7846 | D:8      | Gained mutation: You have a pair of large antennae on your head. (SInv) [demonic ancestry]
  7846 | D:8      | Reached XP level 10. HP: 76/76 MP: 11/11
  7851 | D:8      | Noticed Maurice
  8160 | D:8      | Killed Maurice
  8465 | D:9      | Reached skill level 7 in Shields
  8474 | D:9      | Reached ***** piety under Trog
  8969 | D:9      | Noticed Grum
  9117 | D:9      | Killed Grum
  9329 | D:9      | Reached skill level 5 in Stealth
  9374 | D:9      | Found a staircase to the Orcish Mines.
  9526 | D:9      | Noticed a two-headed ogre
  9541 | D:9      | Killed a two-headed ogre
  9541 | D:9      | Reached skill level 8 in Shields
  9775 | D:9      | Noticed Psyche
  9786 | D:9      | Killed Psyche
  9786 | D:9      | Reached XP level 11. HP: 81/83 MP: 12/12
  9874 | D:9      | Noticed Erica
  9896 | D:9      | Killed Erica
 10278 | D:10     | Noticed Sonja
 10453 | D:10     | Found Micoxker's Antique Armour Shop.
 11572 | D:11     | Got a slimy robe
 11583 | D:11     | Identified the cursed +1 robe of Altruism {+Inv} (You found it on level 11 of the Dungeon)
 11676 | D:11     | Found a staircase to the Lair.
 11844 | D:11     | Found a frozen archway.
 11853 | IceCv    | Entered an ice cave
 11888 | IceCv    | Received a gift from Trog
 12139 | IceCv    | Reached skill level 9 in Shields
 12525 | IceCv    | Noticed a frost giant
 12984 | IceCv    | Killed from afar by a frost giant

Skill      XL: |  1  2  3  4  5  6  7  8  9 10 11 |
---------------+----------------------------------+-----
Long Blades    | 3 4 5 6 7 |  7.4
Dodging        | 2 3 4 5 6 |  6.2
Armour         | 2 3 4 5 6 7 8 |  8.0
Fighting       | 4 5 6 7 |  7.4
Shields        | 1 2 3 5 6 8 9 |  9.5
Stealth        | 1 3 4 5 6 |  6.4
Maces & Flails | |  0.6

Action                   |  1- 3 |  4- 6 |  7- 9 | 10-12 || total
-------------------------+-------+-------+-------+-------++-------
Melee: Falchion          |    30 |   260 |   366 |       ||   656
       Whip              |   150 |    27 |       |       ||   177
       Kick              |       |    98 |   158 |       ||   256
       Long sword        |       |       |   277 |   430 ||   707
       Scimitar          |       |       |       |   345 ||   345
Invok: Berserk           |     4 |     4 |     6 |    23 ||    37
       Burn Spellbooks   |       |       |     1 |       ||     1
       Brothers in Arms  |       |       |     1 |    10 ||    11
  Use: Scroll            |       |    11 |     5 |    13 ||    29
       Potion            |       |     2 |       |     2 ||     4
 Stab: Sleeping          |       |       |     4 |     7 ||    11
       Distracted        |       |       |       |     1 ||     1
  Eat: Chunk             |     4 |     8 |    16 |    14 ||    42
       Bread ration      |       |     1 |     1 |     7 ||     9
Armor: Chain mail        |   165 |   138 |   293 |   896 ||  1492
       Skin              |       |       |       |    12 ||    12
Dodge: Dodged            |    81 |    40 |   108 |   168 ||   397
Block: Large shield      |       |   132 |   459 |   993 ||  1584
       Rpst.: Falchion   |     4 |    14 |    16 |       ||    34
       Long sword        |       |       |    21 |    31 ||    52
       Scimitar          |       |       |       |     4 ||     4
